 Dungeon Crawl Stone Soup version 0.27.1-3-gb3d3a73c9e (webtiles) character file.

Game seed: 14252789937594408191

11 vatarom the Gusty (level 2, 0/16 HPs)
             Began as a Tengu Air Elementalist on Oct 7, 2021.
             Slain by a jackal (3 damage)
             ... on level 1 of the Dungeon.
             The game lasted 00:01:14 (552 turns).

vatarom the Gusty (Tengu Air Elementalist)           Turns: 552, Time: 00:01:14

Health: 0/16       AC:  2    Str:  8    XL:     2   Next: 29%
Magic:  1/6        EV: 12    Int: 15    God:
Gold:   21         SH:  0    Dex: 14    Spells: 4/5 levels left

rFire    . . .     SeeInvis .   b - +0 spear
rCold    . . .     Faith    .   (no shield)
rNeg     . . .     Spirit   .   a - +0 robe
rPois    .         Reflect  .   (helmet restricted)
rElec    .         Harm     .   (no cloak)
rCorr    .         Rampage  .   (no gloves)
Will     .....                  (boots unavailable)
Stlth    ++........             (no amulet)
HPRegen  0.05/turn              (no ring)
MPRegen  0.10/turn              (no ring)

@: no status effects
A: beak, talons 3
a: no special abilities


You were on level 1 of the Dungeon.
You visited 1 branch of the dungeon, and saw 1 of its levels.

You collected 21 gold pieces.

Inventory:

Hand Weapons
 b - a +0 spear (weapon)
Armour
 a - a +0 robe (worn)
Scrolls
 e - 2 scrolls of noise
Potions
 c - a potion of resistance {unknown}


   Skills:
 + Level 0.5 Fighting
 - Level 2.1 Dodging
 - Level 2.0 Stealth
 + Level 2.1 Spellcasting
 * Level 2.2 Conjurations
 + Level 4.2 Air Magic


You had 4 spell levels left.
You knew the following spells:

 Your Spells              Type           Power      Damage    Failure   Level
a - Shock                 Conj/Air       44%        1d5       6%          1

Your spell library contained the following spells:

 Spells                   Type           Power      Damage    Failure   Level
 Static Discharge         Conj/Air       11%        N/A       9%          2
 Swiftness                Air            14%        N/A       12%         3
 Pain                     Necr           4%         1d4       22%         1
 Airstrike                Air            7%         N/A       36%         4
 Agony                    Necr           1%         N/A       99%         5
 Excruciating Wounds      Necr           0%         N/A       99%         5


Dungeon Overview and Level Annotations

Branches:
Dungeon (1/15)

Altars:


Innate Abilities, Weirdness & Mutations

You have a beak for a mouth.
You have claws for feet.


Message History

The jackal bites you. The jackal barely misses you.
You hit the jackal.
The jackal is almost dead.
The jackal bites you but does no damage.
The jackal bites you. The jackal closely misses you. The jackal bites you.
The jackal closely misses you.
Your magical contamination has completely faded away.
The jackal barely misses you. x2
The jackal barely misses you. The jackal bites you. The jackal misses you.
The jackal closely misses you. x2
The jackal closely misses you.
The zap hits the jackal.
The jackal is moderately wounded.
The zap misses the jackal.
The zap hits the rat.
You kill the rat!
The jackal closely misses you. The jackal barely misses you.
The zap misses the jackal.
The zap hits the jackal but does no damage.
The jackal is heavily wounded.
The jackal bites you.
You are too injured to fight recklessly!
You are too injured to fight recklessly!
You closely miss the jackal. Your peck misses the jackal.
The jackal is moderately wounded.
The jackal bites you.
The jackal bites you but does no damage.
You closely miss the jackal.
The jackal bites you but does no damage.
Casting: Shock (safe; 6% risk of failure)
Confirm with . or Enter, or press ? or * to list all spells.
Aiming: Shock (safe; 6% risk of failure)
Press: ? - help, Shift-Dir - straight line, f/p - jackal
Aim: a jackal (60% to hit)
The zap misses the jackal.
The zap hits the jackal.
The jackal is severely wounded.
The jackal bites you.
* * * LOW HITPOINT WARNING * * *
The jackal bites you.
You die...

#.####.##.#.#
######......#..#.#
#.......#####.##.#
#.#####.# #.##.# #.# #.#
#.##.. #.# #†# #.####
#.# #.# #.# #.# #.# #.#
..# #@# #.# #.# #.# #h#
#.# #.# #.# #h# .# #.#
##.###.... #.#
#.†....>..
#######.#######..###.###
.................#
#..†.........#.#
....###........#........


You could see 2 jackals.

Vanquished Creatures
  A dart slug (D:1)
  A goblin (D:1)
  2 hobgoblins (D:1)
  A jackal (D:1)
  2 ball pythons (D:1)
  A bat (D:1)
  A frilled lizard (D:1)
  A rat (D:1)
10 creatures vanquished.

Notes
Turn   | Place    | Note
-------+----------+-------------------------------------------
     0 | D:1      | vatarom the Tengu Air Elementalist began the quest for the
                  | Orb.
     0 | D:1      | Reached XP level 1. HP: 10/10 MP: 4/4
   435 | D:1      | Reached XP level 2. HP: 16/16 MP: 1/6
   552 | D:1      | Slain by a jackal

Illustrated notes

Levels and vault maps discovered:
D:1:      minmay_arrival_checkered_box, layout_loops_ring,
          shapermc_ecumenical_altar_rom_forum, minmay_pentomino_o4

Skill      XL: |  1 |
---------------+----+-----
Conjurations   | 2 |  2.2
Fighting       | |  0.5
Dodging        | |  2.1
Stealth        | |  2.0
Spellcasting   | |  2.1
Air Magic      | |  4.2

Action                   || total
-------------------------++-------
Melee: Peck              ||     2
       Unarmed           ||     1
       Spear             ||     6
       Kick              ||     1
 Cast: Shock             ||    20
  Use: Scroll            ||     2
Armor: Robe              ||     5
Dodge: Dodged            ||    13
